 Dungeon Crawl Stone Soup version 0.18.1-48-g4cf74bf (webtiles) character file.

7648 nicanaca0 the Grappler (level 10, -17/106 HPs)
             Began as a Troll Monk on June 26, 2016.
             Was a Priest of Qazlal.
             Demolished by Aquadorian's ghost (36 damage)
             ... on level 10 of the Dungeon.
             The game lasted 00:30:50 (8786 turns).

nicanaca0 the Grappler (Troll Monk)                 Turns: 8786, Time: 00:30:51

Health: -17/106    AC:  9    Str: 21    XL:     10   Next: 99%
Magic:  3/9        EV: 10    Int:  6    God:    Qazlal [***...]
Gold:   495        SH:  4    Dex: 15    Spells: 1 memorised, 8 levels left

rFire  . . .     SeeInvis .       - Unarmed
rCold  . . .     Gourm    +     m - +2 robe {MR+}
rNeg   . . .     Faith    .     (no shield)
rPois  .         Spirit   .     M - +1 hat
rElec  .         Dismiss  +     d - +0 cloak
rCorr  +         Reflect  .     (gloves unavailable)
SustAt .         Harm     .     (boots unavailable)
MR     +....     Rnd*Tele +     a - amulet of dismissal
Stlth  +.........               (no ring)
                                h - ring of resist corrosion

@: very slightly contaminated, invisible, somewhat resistant to hostile
enchantments, very unstealthy
A: unfitting armour, claws 3, fast metabolism 3, gourmand, regeneration 2,
shaggy fur 1, teleportitis 1, tough skin 2, subdued magic 1, MP-powered wands
a: Upheaval, Elemental Force, Renounce Religion


You were on level 10 of the Dungeon.
You worshipped Qazlal.
Qazlal was most pleased with you.
You were completely stuffed.

You visited 2 branches of the dungeon, and saw 11 of its levels.
You also visited: Ossuary.

You collected 495 gold pieces.

Inventory:

Hand Weapons
 U - a +0 giant spiked club
Missiles
 u - 5 large rocks (quivered)
Armour
 d - a +0 cloak (worn)
 m - a +2 robe of magic resistance (worn)
 M - a +1 hat (worn)
 Q - a +1 robe of cold resistance
Jewellery
 a - an amulet of dismissal (around neck)
 g - a +4 amulet of reflection
 h - a ring of resist corrosion (left claw)
 C - a cursed ring of loudness {unknown}
 R - an uncursed ring of protection from cold {unknown}
Wands
 n - a wand of flame (25/48)
 v - a wand of flame (27/48)
 G - a wand of iceblast (6/15)
 K - a wand of acid (7/15)
 T - a wand of acid (6/15)
Scrolls
 i - 3 scrolls of blinking
 j - a scroll of recharging
 k - 5 scrolls of fog
 l - 6 scrolls of remove curse
 q - a scroll of immolation
 r - a scroll of identify {@*1}
 y - 6 scrolls of teleportation
 N - a scroll of silence
 O - a scroll of enchant weapon {unknown}
 P - a scroll of magic mapping
 V - a scroll of enchant armour
Potions
 c - 2 potions of mutation
 e - 11 potions of curing
 f - a potion of cure mutation
 w - 5 potions of agility {unknown}
 x - 2 potions of lignification
 z - 2 potions of experience
 A - 3 potions of heal wounds
 D - a potion of might
 E - a potion of cancellation
 F - a potion of ambrosia
 I - a potion of magic
Books
 t - a book of Party Tricks

   Spells                             Type                      Level
   a - Summon Butterflies             Summoning                    1
   b - Apportation                    Translocation                1
   c - Tukima's Dance                 Hexes                        3
   d - Alistair's Intoxication        Transmutation/Poison         5
   e - Invisibility                   Hexes                        6
 B - a book of the Tempests

   Spells                             Type                      Level
   a - Static Discharge               Conjuration/Air              3
   b - Lightning Bolt                 Conjuration/Air              5
   c - Fireball                       Conjuration/Fire             5
   d - Tornado                        Air                          9
   e - Shatter                        Earth                        9
 H - a book of Fire

   Spells                             Type                      Level
   a - Ignite Poison                  Fire/Transmutation/Poison    3
   b - Fireball                       Conjuration/Fire             5
   c - Bolt of Fire                   Conjuration/Fire             6
   d - Delayed Fireball               Conjuration/Fire             7
   e - Ring of Flames                 Charms/Fire                  7
Comestibles
 b - 13 bread rations
 p - 2 slices of pizza
 s - a meat ration
 L - 7 beef jerkies
 S - 5 chunks of flesh


   Skills:
 + Level 8.7 Fighting
 - Level 2.4 Dodging
 - Level 1.1 Stealth
 * Level 13.8 Unarmed Combat


You had 8 spell levels left.
You knew the following spells:

 Your Spells              Type           Power        Failure   Level  Hunger
z - Summon Butterflies    Summ           #.......     47%         1    ##.....


Dungeon Overview and Level Annotations

Branches:
Dungeon (10/15)            Temple (1/1) D:6            Lair (0/8) D:9
    Orc: D:9-12

Altars:
Ashenzari
Cheibriados
Dithmenos
Elyvilon
Fedhas
Gozag
Kikubaaqudgha
Makhleb
Nemelex Xobeh
Okawaru
Pakellas
Qazlal
Ru
Sif Muna
Trog
Vehumet
Xom
Yredelemnul
Zin
The Shining One

Shops:
D:5 !   D:7 [   D:10 %

Annotations:
D:10 Aquadorian's ghost, novice MiFi


Innate Abilities, Weirdness & Mutations

You are too large for most types of armour.
You have claws for hands.
Your metabolism is lightning-fast.
You like to eat raw meat.
You heal very quickly.
You are covered in fur (AC +1).
You have very tough skin (AC +2).
You are occasionally teleported next to monsters.
Your spells are a little easier to cast, but a little less powerful.
You expend magic power (3 MP) to strengthen your wands.


Message History

You feel a bit more experienced.
Drink which item? (? for menu, Esc to quit)
Okay, then.
The iguana hisses menacingly.
You claw the iguana!
The iguana is severely wounded.
The iguana bites you but does no damage.
You mangle the iguana!!
You kill the iguana!
Qazlal accepts your kill.
You don't have enough magic at the moment.
Drink which item? (? for menu, Esc to quit)
You fade into invisibility!
You claw Aquadorian's ghost!
Aquadorian's ghost is moderately damaged.
Aquadorian's ghost closely misses you.
You scratch Aquadorian's ghost but do no damage.
Aquadorian's ghost is moderately damaged.
Aquadorian's ghost hits you!!!
You die...

###. .# .# #.# #. # ..
. ##..## #. #. #. #.
......... #.. #.##
#.###.#...[..#
#...#... ?...... .W.[
#......# #...# ..<.
#....#§#####..###..)..
#.....@W.†.........###
#.....§....(..#.....#
#...................#
#...................#
####..................
#..........#.......
###..##....#.....#.
######
#...#.####.....#
#....# ..##


You could see Aquadorian's ghost.

Vanquished Creatures
  An unseen horror (D:10)
  A hill giant (D:10)
  Psyche (D:8)
  3 yaks (D:9)
  Eustachio (D:4)
  2 hippogriffs
  Menkaure (D:4)
  2 hell hounds
  Duvessa (D:4)
  3 sky beasts
  6 ice beasts
  2 black bears
  A wasp (D:9)
  2 phantoms
  An orc warrior (D:8)
  3 ogres
  7 centaurs
  A crocodile (D:8)
  A gnoll sergeant (D:8)
  4 giant frogs
  A wyvern zombie (D:9)
  A water moccasin zombie (D:7)
  Dowan (D:4)
  4 scorpions
  5 killer bees (D:8)
  3 wights
  A howler monkey (D:7)
  6 crimson imps
  2 centaur zombies
  A quasit (D:7)
  4 jellies
  An orc priest (D:9)
  A centaur skeleton (D:10)
  A hound (D:6)
  A giant frog skeleton (D:9)
  2 gnoll shamans
  Jessica (D:3)
  9 iguanas
  Ijyb (D:2)
  8 orc wizards
  7 worker ants
  A hound zombie (D:6)
  A hound skeleton (D:7)
  12 mummies (Ossuary)
  13 gnolls
  A howler monkey skeleton (D:8)
  7 adders
  An ooze (D:3)
  2 adder skeletons
  An adder zombie (D:8)
  4 worms
  2 dart slugs
  10 giant geckos
  28 orcs
  7 giant cockroaches
  2 gnoll zombies (D:7)
  6 goblins
  4 hobgoblins
  8 jackals
  2 quokkas
  A ball python (D:2)
  5 bats
  3 giant gecko skeletons
  4 giant newts
  3 gnoll skeletons (Ossuary)
  A goblin skeleton (Ossuary)
  6 kobolds
  A kobold skeleton (Ossuary)
  An orc skeleton (Ossuary)
  7 rats
  11 rat skeletons (Ossuary)
260 creatures vanquished.

Vanquished Creatures (others)
  A gnoll skeleton (Ossuary)
  A kobold skeleton (Ossuary)
2 creatures vanquished.

Grand Total: 262 creatures vanquished

Notes
Turn   | Place    | Note
--------------------------------------------------------------
     0 | D:1      | nicanaca0 the Troll Monk began the quest for the Orb.
     0 | D:1      | Reached XP level 1. HP: 22/22 MP: 0/0
   163 | D:1      | Reached XP level 2. HP: 28/29 MP: 1/1
   871 | D:2      | Reached XP level 3. HP: 34/36 MP: 2/2
  1033 | D:2      | Noticed Ijyb
  1038 | D:2      | Killed Ijyb
  1038 | D:2      | Reached skill level 5 in Unarmed Combat
  1341 | D:2      | Reached XP level 4. HP: 41/45 MP: 3/3
  1424 | D:3      | Noticed an ogre
  1430 | D:3      | Killed an ogre
  1430 | D:3      | Reached XP level 5. HP: 29/53 MP: 4/4
  1709 | D:3      | Reached skill level 6 in Unarmed Combat
  1928 | D:3      | Found a white marble altar of Elyvilon.
  1987 | D:3      | Noticed Jessica
  1994 | D:3      | Killed Jessica
  1994 | D:3      | Reached XP level 6. HP: 51/62 MP: 5/5
  2428 | D:4      | Noticed Dowan
  2459 | D:4      | Killed Dowan
  2572 | D:4      | Noticed Duvessa
  2608 | D:4      | Killed Duvessa
  2608 | D:4      | Reached skill level 7 in Unarmed Combat
  2752 | D:4      | Reached XP level 7. HP: 69/70 MP: 6/6
  2780 | D:4      | Noticed Menkaure
  2786 | D:4      | Gained mutation: You are occasionally teleported next to monsters. [potion of mutation]
  2786 | D:4      | Gained mutation: You expend magic power (3 MP) to strengthen your wands. [potion of mutation]
  2786 | D:4      | Gained mutation: Your spells are a little easier to cast, but a little less powerful. [potion of mutation]
  2790 | D:4      | Killed Menkaure
  2850 | D:4      | Noticed Eustachio
  2889 | D:4      | Reached skill level 8 in Unarmed Combat
  2930 | D:4      | Killed Eustachio
  3161 | D:5      | Entered Level 5 of the Dungeon
  3465 | D:5      | Reached skill level 5 in Fighting
  3465 | D:5      | Reached XP level 8. HP: 80/80 MP: 7/7
  3475 | D:5      | Learned a level 1 spell: Summon Butterflies
  3562 | D:5      | Found a radiant altar of Vehumet.
  3574 | D:5      | Found Tewkas's Distillery.
  3697 | D:5      | Reached skill level 9 in Unarmed Combat
  4074 | D:6      | Found a staircase to the Ecumenical Temple.
  4394 | D:6      | Found a sand-covered staircase.
  4399 | Ossuary  | Entered an ossuary
  4608 | Ossuary  | Reached skill level 10 in Unarmed Combat
  5192 | Temple   | Entered the Ecumenical Temple
  5296 | Temple   | Became a worshipper of Qazlal Stormbringer
  5296 | Temple   | Reached * piety under Qazlal
  5296 | Temple   | Reached ** piety under Qazlal
  5408 | D:6      | Found a sparkling altar of Nemelex Xobeh.
  5424 | D:6      | Found a sacrificial altar of Ru.
  5427 | D:6      | Found an ancient bone altar of Kikubaaqudgha.
  5558 | D:7      | Reached XP level 9. HP: 82/89 MP: 8/8
  5913 | D:7      | Found Iniphuw's Armour Shop.
  6429 | D:7      | Found a basalt altar of Yredelemnul.
  6517 | D:8      | Reached skill level 11 in Unarmed Combat
  6733 | D:8      | Found a shattered altar of Ashenzari.
  7030 | D:8      | Noticed Psyche
  7047 | D:8      | Killed Psyche
  7293 | D:8      | Reached skill level 12 in Unarmed Combat
  7303 | D:8      | Reached XP level 10. HP: 73/104 MP: 9/9
  7471 | D:8      | Reached *** piety under Qazlal
  7522 | D:8      | Found an oddly glowing altar of Pakellas.
  7989 | D:9      | Found a staircase to the Lair.
  8117 | D:9      | Reached skill level 13 in Unarmed Combat
  8293 | D:9      | Reached **** piety under Qazlal
  8343 | D:10     | Entered Level 10 of the Dungeon
  8427 | D:10     | Found Xicuuden's Food Emporium.
  8472 | D:10     | Noticed Aquadorian's ghost (novice MiFi)
  8487 | D:10     | Noticed a hill giant
  8731 | D:10     | Killed a hill giant
  8777 | D:10     | Killed an unseen horror
  8786 | D:10     | Demolished by Aquadorian's ghost

Skill      XL: |  1  2  3  4  5  6  7  8  9 10 |
---------------+-------------------------------+-----
Fighting       | 3 4 5 6 7 8 |  8.7
Unarmed Combat | 5 6 7 8 10 12 13 | 13.8
Dodging        | |  2.4
Stealth        | |  1.1

Action                   |  1- 3 |  4- 6 |  7- 9 | 10-12 || total
-------------------------+-------+-------+-------+-------++-------
Melee: Unarmed           |    77 |   123 |   391 |   185 ||   776
       Punch             |     1 |     3 |    12 |    12 ||    28
 Cast: Summon Butterflie |       |       |     1 |       ||     1
Invok: Upheaval          |       |       |     2 |       ||     2
       Elemental Force   |       |       |       |     1 ||     1
  Use: Potion            |       |     3 |     6 |     2 ||    11
       Scroll            |       |       |    20 |     3 ||    23
 Stab: Sleeping          |     2 |     3 |       |       ||     5
       Invisible         |       |     1 |       |       ||     1
       Distracted        |       |       |     2 |       ||     2
  Eat: Chunk             |    18 |    11 |    41 |    14 ||    84
       Meat ration       |       |       |     1 |       ||     1
Armor: Robe              |    17 |    34 |   151 |    51 ||   253
Dodge: Dodged            |    25 |    41 |   184 |    70 ||   320
Block: Other             |    10 |    13 |    44 |    33 ||   100
       Reflection        |     1 |       |     1 |       ||     2
